[Event "Titled Tuesday Blitz October 04 Early 2022"]
[White "Urazayev, Arystanbek"]
[Black "Vokhidov, Shamsiddin"]
[WhiteFideId "13709810"]
[BlackFideId "14204223"]
[WhiteElo "2441"]
[BlackElo "2619"]
[Result "1-0"]
[Round "04"]
[TimeControl "180+1"]
[Date "2022.10.04"]
[WhiteClock "0:01:14"]
[BlackClock "0:00:26"]

1. d4 Nf6 2. c4 e6 3. Nf3 d5 4. Nc3 Bb4 5. Bg5 h6 6. Bxf6 Qxf6 7. Qa4+ Nc6 8. e3 O-O 9. Rc1 Rd8 10. Be2 dxc4 11. Qb5 Bd7 12. Qxc4 Bd6 13. O-O a6 14. Ne4 Qe7 15. Nc5 Rab8 16. Rfd1 Be8 17. a3 e5 18. d5 Na5 19. Qc3 Bxc5 20. Qxc5 Qxc5 21. Rxc5 b6 22. Rxc7 Ba4 23. Re1 Rxd5 24. Bxa6 Rbd8 25. h4 b5 26. e4 Rd1 27. Rxd1 Rxd1+ 28. Kh2 Nc4 29. Bb7 Rb1 30. Bd5 Rxb2 31. Bxf7+ Kh7 32. h5 Nd6 33. Bg6+ Kg8 34. Rd7 1-0


[Site "https://www.chess.com"]

[Event "Titled Tuesday Blitz October 04 Early 2022"]
[White "Vaibhav Jayant Raut"]
[Black "Timofeev, Artyom"]
[WhiteFideId "5089034"]
[BlackFideId "4140419"]
[WhiteElo "2147"]
[BlackElo "2579"]
[Result "1-0"]
[Round "04"]
[TimeControl "180+1"]
[Date "2022.10.04"]
[WhiteClock "0:00:19"]
[BlackClock "0:00:01"]

1. d4 Nf6 2. Bf4 c5 3. e3 b6 4. Nd2 Bb7 5. Ngf3 e6 6. h3 Be7 7. c3 O-O 8. Bd3 Nc6 9. O-O d6 10. Qe2 a6 11. a4 Qc7 12. Rfd1 Rfe8 13. Rac1 h6 14. Bh2 cxd4 15. exd4 Bf8 16. Ne4 Nd7 17. Bb1 Rad8 18. Qc2 g6 19. h4 f5 20. Ned2 Nf6 21. Re1 Ng4 22. Ba2 Qf7 23. Qb3 Nxh2 24. Nxh2 d5 25. Nhf3 Qc7 26. Re2 Na5 27. Qc2 Bg7 28. Rce1 Bc8 29. h5 gxh5 30. Ne5 Nc6 31. Nxc6 Qxc6 32. Nf3 Bd7 33. Bb3 Kh8 34. Qd2 Qd6 35. Bd1 Qf8 36. Qf4 Bf6 37. Ne5 Bxe5 38. Rxe5 Qf6 39. Bxh5 Rg8 40. Bf3 Qg5 41. Qh2 Rdf8 42. R5e2 f4 43. Re5 Qf6 44. Rh5 Rg6 45. Rh4 Kg7 46. a5 bxa5 47. Kh1 a4 48. Be2 Rg5 49. Bd3 Be8 50. Bxa6 Bg6 51. Bb5 Be4 52. f3 Bc2 53. Bd7 Bf5 54. Qxf4 a3 55. bxa3 Rg6 56. a4 Qe7 57. Bb5 Qa3 58. Qc7+ Rf7 59. Qe5+ Rff6 60. Rh2 Qxc3 61. Bf1 Qd2 62. Qc7+ 1-0


[Site "https://www.chess.com"]

[Event "Titled Tuesday Blitz October 04 Early 2022"]
[White "Visakh N R"]
[Black "Zhigalko, Sergei"]
[WhiteFideId "25012223"]
[BlackFideId "13502956"]
[WhiteElo "2466"]
[BlackElo "2662"]
[Result "1-0"]
[Round "04"]
[TimeControl "180+1"]
[Date "2022.10.04"]
[WhiteClock "0:00:47"]
[BlackClock "0:00:03"]

1. c4 e5 2. g3 Nf6 3. Bg2 c6 4. d4 exd4 5. Qxd4 Na6 6. Nc3 Bc5 7. Qe5+ Be7 8. Qd4 O-O 9. Nf3 d5 10. cxd5 Nb4 11. Qd2 Nbxd5 12. O-O Re8 13. Qc2 Nb4 14. Qd1 Bf5 15. Nd4 Bg6 16. a3 Nbd5 17. Nxd5 Nxd5 18. e4 Nf6 19. Nf5 Bxf5 20. exf5 Qxd1 21. Rxd1 Bc5 22. b4 Bb6 23. Bf3 Ne4 24. Be3 Bxe3 25. fxe3 Ng5 26. Kf2 Re5 27. g4 Rae8 28. Rd3 g6 29. fxg6 hxg6 30. h4 Ne4+ 31. Bxe4 Rxe4 32. Kf3 Kg7 33. Rh1 R4e5 34. h5 g5 35. Rc1 a6 36. Rc4 R8e6 37. Rc5 Rxc5 38. bxc5 Re5 39. Rc3 Kh6 40. e4 f6 41. Ke3 Kg7 42. Kd4 Kf7 43. Rf3 Re7 44. Rf5 Rd7+ 45. Kc4 Ke6 46. e5 fxe5 47. Rxg5 Rd4+ 48. Kc3 Rf4 49. h6 Rf3+ 50. Kc4 Rh3 51. Rh5 Rxh5 52. gxh5 Kf7 53. Kd3 Kg8 54. Ke4 Kh7 55. Kxe5 b5 56. cxb6 1-0


[Site "https://www.chess.com"]

[Event "Titled Tuesday Blitz October 04 Early 2022"]
[White "Wieczorek, Oskar"]
[Black "Oparin, Grigoriy"]
[WhiteFideId "1133950"]
[BlackFideId "24125890"]
[WhiteElo "2404"]
[BlackElo "2639"]
[Result "1/2-1/2"]
[Round "04"]
[TimeControl "180+1"]
[Date "2022.10.04"]
[WhiteClock "0:01:00"]
[BlackClock "0:02:00"]

1. e4 c6 2. d4 d5 3. Nd2 dxe4 4. Nxe4 Nf6 5. Nxf6+ exf6 6. Be2 Bd6 7. Bf3 O-O 8. Ne2 Re8 9. O-O Nd7 10. c4 Nf8 11. Nc3 Bf5 12. c5 Bc7 13. d5 cxd5 14. Bxd5 Rb8 15. Qb3 Be6 16. Be3 Be5 17. Rfd1 Qc7 18. g3 Bxc3 19. Qxc3 Bxd5 20. Rxd5 Rbd8 21. Rad1 Rxd5 22. Rxd5 Rd8 23. Qd3 Rxd5 24. Qxd5 Ne6 25. b4 a6 26. a4 Qc6 27. Qxc6 bxc6 28. Kf1 Kf8 29. Ke2 Ke7 30. Kd3 Kd7 31. Kc4 h5 32. b5 axb5+ 33. axb5 cxb5+ 34. Kxb5 Nd8 35. Kb6 Nc6 36. f4 f5 37. Bd2 Ne7 38. Kb7 g6 39. Bc3 Nc6 40. Kb6 Nd8 41. Bf6 Nc6 42. Bc3 Ne7 43. Kb7 Nc6 44. Kb6 1/2-1/2


[Site "https://www.chess.com"]

[Event "Titled Tuesday Blitz October 04 Early 2022"]
[White "Wong, Yinn Long"]
[Black "Kim, Sergey"]
[WhiteFideId "5707684"]
[BlackFideId "13700570"]
[WhiteElo "2271"]
[BlackElo "2607"]
[Result "1/2-1/2"]
[Round "04"]
[TimeControl "180+1"]
[Date "2022.10.04"]
[WhiteClock "0:00:07"]
[BlackClock "0:00:03"]

1. d4 Nf6 2. Nf3 g6 3. b3 Bg7 4. Bb2 d6 5. e3 O-O 6. Be2 e5 7. dxe5 Nfd7 8. c4 dxe5 9. Nc3 Nc6 10. O-O e4 11. Nd2 f5 12. Qc2 Nde5 13. Rad1 Qe7 14. Nd5 Qf7 15. b4 Be6 16. b5 Nd8 17. Nf4 a6 18. a4 Kh8 19. Nxe6 Nxe6 20. c5 axb5 21. axb5 Ra2 22. Rb1 Qe7 23. Nc4 Rxb2 24. Nxb2 Nxc5 25. Rfd1 b6 26. h3 g5 27. Rd5 f4 28. exf4 gxf4 29. Bf1 Qf6 30. Re1 e3 31. Nc4 Nxc4 32. Bxc4 Qh4 33. Bf1 Ne6 34. Qe2 Nd4 35. Rxd4 Bxd4 36. Rd1 Qxf2+ 37. Qxf2 exf2+ 38. Kh1 Bc5 39. Rd7 Re8 40. Bd3 Re1+ 41. Kh2 f1=Q 42. Bxf1 Rxf1 43. Rxc7 Bf2 44. Rc8+ Kg7 45. h4 Bg3+ 46. Kh3 h5 47. Rc7+ Kf6 48. Rc6+ Ke5 49. Re6+ Kxe6 1/2-1/2


[Site "https://www.chess.com"]

[Event "Titled Tuesday Blitz October 04 Early 2022"]
[White "Xu, Yi"]
[Black "Nakamura, Hikaru"]
[WhiteFideId "8605564"]
[BlackFideId "2016192"]
[WhiteElo "2471"]
[BlackElo "2909"]
[Result "0-1"]
[Round "04"]
[TimeControl "180+1"]
[Date "2022.10.04"]
[WhiteClock "0:00:02"]
[BlackClock "0:00:07"]

1. e4 c6 2. d4 d5 3. e5 Bf5 4. h4 h5 5. Bd3 Bxd3 6. Qxd3 Qa5+ 7. Nd2 Qa6 8. e6 Qxd3 9. exf7+ Kxf7 10. cxd3 Nh6 11. Ndf3 Nf5 12. Nh3 Nd7 13. Nhg5+ Kg8 14. Ne6 g6 15. Bg5 Kf7 16. Nf4 Bg7 17. Ne2 c5 18. dxc5 Bxb2 19. Rb1 Bg7 20. d4 b6 21. cxb6 axb6 22. O-O Rxa2 23. Nf4 Nxd4 24. Nxd4 Bxd4 25. Nxd5 e5 26. Be3 Rb8 27. Bxd4 exd4 28. Rfd1 Ra4 29. Rb4 Rxb4 30. Nxb4 Ra8 31. Rxd4 Ne5 32. f3 Ra4 33. Kh2 b5 34. Re4 Nd7 35. Kg3 Nf6 36. Rf4 Ke6 37. Nd3 Rxf4 38. Kxf4 Nh7 39. Ne5 Nf8 40. Ke4 Kd6 41. Nd3 Ne6 42. Ke3 Kd5 43. g4 Kc4 44. Ne5+ Kc3 45. Nxg6 b4 46. gxh5 Ng7 47. h6 Nf5+ 48. Ke4 Nxh6 49. Nf4 b3 50. Ne2+ Kd2 0-1


[Site "https://www.chess.com"]

[Event "Titled Tuesday Blitz October 04 Early 2022"]
[White "Bacrot, Etienne"]
[Black "Andreikin, Dmitry"]
[WhiteFideId "605506"]
[BlackFideId "4158814"]
[WhiteElo "2666"]
[BlackElo "2736"]
[Result "0-1"]
[Round "05"]
[TimeControl "180+1"]
[Date "2022.10.04"]
[WhiteClock "0:00:03"]
[BlackClock "0:00:25"]

1. e4 e6 2. d4 d5 3. exd5 exd5 4. Nf3 Nf6 5. Bd3 c5 6. O-O c4 7. Re1+ Be7 8. Bf1 O-O 9. b3 cxb3 10. axb3 Nc6 11. Ne5 Ne4 12. Nxc6 bxc6 13. Nd2 Bb4 14. Re3 f5 15. Nxe4 fxe4 16. f3 Qh4 17. g3 Qf6 18. Bg2 Bf5 19. Ba3 Bxa3 20. Rxa3 Bg4 21. b4 Bh5 22. g4 Bg6 23. fxe4 Qf2+ 24. Kh1 dxe4 25. Qe1 Qxc2 26. Rac3 Qb2 27. Bxe4 Rf2 28. Qg1 Bxe4+ 29. Rxe4 Raf8 0-1


[Site "https://www.chess.com"]

[Event "Titled Tuesday Blitz October 04 Early 2022"]
[White "Beerdsen, Thomas"]
[Black "Eljanov, Pavel"]
[WhiteFideId "1030108"]
[BlackFideId "14102951"]
[WhiteElo "2567"]
[BlackElo "2601"]
[Result "1-0"]
[Round "05"]
[TimeControl "180+1"]
[Date "2022.10.04"]
[WhiteClock "0:00:04"]
[BlackClock "0:00:18"]

1. e4 c6 2. d4 d5 3. f3 e6 4. Nc3 Bb4 5. Bd3 Ne7 6. Ne2 b6 7. O-O Ba6 8. Kh1 O-O 9. a3 Bxc3 10. Nxc3 Bxd3 11. Qxd3 c5 12. exd5 exd5 13. dxc5 bxc5 14. b4 c4 15. Qe2 Nbc6 16. Rd1 Re8 17. b5 Nf5 18. Qf2 Nce7 19. Bg5 f6 20. Bf4 Qd7 21. g4 Nh6 22. Bxh6 gxh6 23. Qd4 Rad8 24. Re1 Kf7 25. Rad1 h5 26. Ne4 Ng8 27. g5 Qf5 28. Qxa7+ Re7 29. Qf2 fxg5 30. Ng3 Qg6 31. f4 g4 32. f5 Qg5 33. f6 Rxe1+ 34. Rxe1 Nxf6 35. Rf1 h4 36. Nh5 Qxh5 37. Qxf6+ Ke8 38. Re1+ Kd7 39. Re7+ 1-0


[Site "https://www.chess.com"]

[Event "Titled Tuesday Blitz October 04 Early 2022"]
[White "Bortnyk, Mykola"]
[Black "Kravtsiv, Martyn"]
[WhiteFideId "14120836"]
[BlackFideId "14113147"]
[WhiteElo "2582"]
[BlackElo "2694"]
[Result "1-0"]
[Round "05"]
[TimeControl "180+1"]
[Date "2022.10.04"]
[WhiteClock "0:01:15"]
[BlackClock "0:00:06"]

1. e4 e5 2. Nf3 Nc6 3. Bb5 a6 4. Ba4 Nf6 5. Qe2 b5 6. Bb3 Be7 7. O-O O-O 8. c3 d5 9. d3 Bb7 10. Rd1 d4 11. Nbd2 a5 12. a4 dxc3 13. bxc3 b4 14. Bb2 Nd7 15. Bd5 Bd6 16. Nc4 Qe7 17. cxb4 axb4 18. Rdc1 Ra6 19. Ne3 g6 20. Bc4 Ra7 21. Nd5 Qd8 22. Qe3 Re8 23. Bb5 Nd4 24. Bxd7 Qxd7 25. Nf6+ 1-0


[Site "https://www.chess.com"]

[Event "Titled Tuesday Blitz October 04 Early 2022"]
[White "Gritsenko, Nikolai"]
[Black "Kevlishvili, Robby"]
[WhiteFideId "14112493"]
[BlackFideId "1040634"]
[WhiteElo "2389"]
[BlackElo "2585"]
[Result "1/2-1/2"]
[Round "05"]
[TimeControl "180+1"]
[Date "2022.10.04"]
[WhiteClock "0:00:15"]
[BlackClock "0:00:50"]

1. e4 e6 2. Nf3 d5 3. Nc3 dxe4 4. Nxe4 Nf6 5. Nxf6+ Qxf6 6. d4 h6 7. Bd3 Bd6 8. Qe2 Bd7 9. Ne5 Nc6 10. Nxd7 Kxd7 11. c3 Rad8 12. Be3 Kc8 13. O-O-O Bf4 14. Bxf4 Qxf4+ 15. Kb1 Kb8 16. g3 Qd6 17. Rhe1 Ne7 18. Qe5 Qxe5 19. Rxe5 c6 20. Rde1 Kc7 21. f4 g6 22. Kc2 h5 23. a4 Nd5 24. Bc4 a5 25. Bxd5 Rxd5 26. h4 Rhd8 27. b3 b5 28. Rxd5 Rxd5 29. Re5 bxa4 30. bxa4 c5 31. c4 Rxd4 32. Rxc5+ Kb6 33. Rb5+ Ka6 34. Kc3 Rd1 35. Rc5 Rg1 36. Rc7 Rxg3+ 37. Kd4 Rg4 38. Ke5 Rxh4 39. c5 f6+ 40. Kd6 Rxf4 41. Rc6+ Ka7 42. Rc7+ Kb8 43. Rf7 Rd4+ 44. Kc6 h4 45. Rf8+ Ka7 46. Rf7+ Kb8 47. Rf8+ Ka7 48. Rf7+ Kb8 1/2-1/2


[Site "https://www.chess.com"]

[Event "Titled Tuesday Blitz October 04 Early 2022"]
[White "Gunina, Valentina"]
[Black "Kaidanov, Gregory"]
[WhiteFideId "4167570"]
[BlackFideId "2008564"]
[WhiteElo "2376"]
[BlackElo "2696"]
[Result "1-0"]
[Round "05"]
[TimeControl "180+1"]
[Date "2022.10.04"]
[WhiteClock "0:00:27"]
[BlackClock "0:00:03"]

1. d4 d5 2. c4 e6 3. Nf3 Nf6 4. Nc3 Nbd7 5. Bf4 dxc4 6. e3 Bd6 7. Bg3 a6 8. Bxc4 b5 9. Bd3 Bb7 10. a3 Bxg3 11. hxg3 c5 12. Qe2 Qb6 13. Rd1 h6 14. dxc5 Nxc5 15. Bb1 Rc8 16. O-O O-O 17. Ne5 Rfd8 18. Ng4 Nfe4 19. Nxe4 Nxe4 20. Rxd8+ Rxd8 21. Rd1 Rxd1+ 22. Qxd1 Qd6 23. Qc2 f5 24. Nh2 Qd2 25. Nf3 Qxc2 26. Bxc2 Nd6 27. Ne5 Bd5 28. f3 Kf8 29. Kf2 Ke7 30. b3 a5 31. b4 axb4 32. axb4 Nc4 33. Nxc4 Bxc4 34. e4 fxe4 35. Bxe4 e5 36. f4 Kf6 37. Ke3 exf4+ 38. gxf4 g5 39. g3 gxf4+ 40. Kxf4 Be6 41. Bd3 Bd7 42. Be2 Bc6 43. Bh5 Bd7 44. Ke4 Kg5 45. Be2 h5 46. Kd5 h4 47. gxh4+ Kxh4 48. Kc5 Kg5 49. Bxb5 Bf5 50. Ba4 Bd3 51. Bb3 Kf6 52. Bc4 Be4 53. Kd6 Bf3 54. b5 Bb7 55. b6 Kf5 56. Kc7 Bf3 57. Bb5 Ke6 58. Bc6 1-0


[Site "https://www.chess.com"]

[Event "Titled Tuesday Blitz October 04 Early 2022"]
[White "Guzman, Christopher"]
[Black "Bortnyk, Olexandr"]
[WhiteFideId "6405096"]
[BlackFideId "14120828"]
[WhiteElo "2272"]
[BlackElo "2723"]
[Result "0-1"]
[Round "05"]
[TimeControl "180+1"]
[Date "2022.10.04"]
[WhiteClock "0:00:46"]
[BlackClock "0:00:42"]

1. e4 Nf6 2. e5 Nd5 3. d4 d6 4. exd6 exd6 5. g3 Be7 6. Bg2 Nf6 7. Nf3 O-O 8. O-O c5 9. Nc3 Nc6 10. h3 Bf5 11. Ne2 Qb6 12. c3 Be4 13. Kh2 Rfe8 14. b3 Rad8 15. c4 d5 16. Be3 dxc4 17. dxc5 Bxc5 18. Bxc5 Qxc5 19. Qc1 Bd3 20. Nf4 Bxf1 21. Qxf1 c3 22. Rc1 c2 23. Qc4 Qxc4 24. bxc4 Nb4 25. a3 Rd1 0-1


[Site "https://www.chess.com"]

[Event "Titled Tuesday Blitz October 04 Early 2022"]
[White "Harsha Bharathakoti"]
[Black "Matinian, Nikita"]
[WhiteFideId "5078776"]
[BlackFideId "24129100"]
[WhiteElo "2523"]
[BlackElo "2422"]
[Result "0-1"]
[Round "05"]
[TimeControl "180+1"]
[Date "2022.10.04"]
[WhiteClock "0:00:02"]
[BlackClock "0:00:07"]

1. Nf3 Nf6 2. b3 g6 3. Bb2 Bg7 4. e3 O-O 5. d4 b6 6. Be2 Bb7 7. O-O e6 8. c4 a5 9. Nc3 Na6 10. Rc1 Ne4 11. Qc2 f5 12. a3 g5 13. Nd2 Nxd2 14. Qxd2 Qf6 15. f3 Qg6 16. Bd3 c5 17. Ne2 cxd4 18. exd4 g4 19. f4 h5 20. b4 axb4 21. axb4 h4 22. d5 h3 23. g3 Bxb2 24. Qxb2 Qg7 25. Qb3 exd5 26. cxd5 d6 27. Bb5 Qe7 28. Rf2 Qe4 29. Bc6 Ra7 30. Nc3 Qxb4 31. Qxb4 Nxb4 32. Nb5 Ra5 33. Nxd6 Bxc6 34. dxc6 Nd3 35. Rcc2 Nxf2 36. Kxf2 Rd5 37. Nb7 Rc8 38. Ke3 Kf7 39. Rc3 Ke7 40. Rc2 Rc7 41. Rc3 b5 42. Rc2 b4 43. Rc4 b3 44. Rb4 Rxc6 45. Rxb3 Rc2 46. Rb6 Rxh2 47. Rh6 Rg2 48. Rh7+ Kf8 49. Rh5 Rxg3+ 50. Ke2 0-1


[Site "https://www.chess.com"]

[Event "Titled Tuesday Blitz October 04 Early 2022"]
[White "Ivic, Velimir"]
[Black "Martinez Alcantara, Jose Eduardo"]
[WhiteFideId "950122"]
[BlackFideId "3805662"]
[WhiteElo "2625"]
[BlackElo "2703"]
[Result "0-1"]
[Round "05"]
[TimeControl "180+1"]
[Date "2022.10.04"]
[WhiteClock "0:00:02"]
[BlackClock "0:00:12"]

1. e4 e5 2. Nf3 Nf6 3. d4 Nxe4 4. Bd3 Nc6 5. dxe5 Nc5 6. Nc3 d6 7. Bg5 Be7 8. Bxe7 Nxe7 9. Bb5+ c6 10. Qxd6 Qxd6 11. exd6 Nf5 12. b4 Ne6 13. Bd3 Nxd6 14. O-O-O Ke7 15. Rhe1 Rd8 16. Ne5 h6 17. f4 Kf8 18. f5 Nf4 19. Be4 Bxf5 20. Bxf5 Nxf5 21. Rxd8+ Rxd8 22. Rf1 g5 23. g3 Ne3 24. Rf3 Nfd5 25. Nxf7 Rb8 26. Nxd5 Nxd5 27. Nxh6+ Ke7 28. Nf5+ Ke6 29. a3 g4 30. Rf2 Rh8 31. c4 Nb6 32. Ne3 Ke5 33. Nxg4+ Kd4 34. Rf4+ Kc3 35. c5 Nc4 36. Rf3+ Kd4 37. h4 Re8 38. Kd1 Nb2+ 39. Kc2 Re2+ 40. Kb3 Nd3 41. h5 Rb2+ 42. Ka4 b5+ 43. cxb6 axb6 44. h6 Rb1 45. h7 Rh1 46. Rf7 Kc3 47. Nf6 Nb2# 0-1


[Site "https://www.chess.com"]

[Event "Titled Tuesday Blitz October 04 Early 2022"]
[White "Jobava, Baadur"]
[Black "Hakobyan, Aram"]
[WhiteFideId "13601520"]
[BlackFideId "13306677"]
[WhiteElo "2582"]
[BlackElo "2563"]
[Result "0-1"]
[Round "05"]
[TimeControl "180+1"]
[Date "2022.10.04"]
[WhiteClock "0:00:04"]
[BlackClock "0:00:22"]

1. e4 c5 2. c3 Nf6 3. e5 Nd5 4. Nf3 e6 5. g3 d6 6. exd6 Bxd6 7. Bg2 O-O 8. O-O Nc6 9. d4 cxd4 10. Nxd4 Nxd4 11. Qxd4 Qc7 12. c4 Be5 13. Qe4 Nf6 14. Qe2 Rd8 15. Nd2 Bd7 16. Nf3 Bd6 17. Nd4 Rac8 18. Nb5 Bxb5 19. cxb5 Nd5 20. Bd2 Qc2 21. Rab1 Bb4 22. Rfd1 Nf4 23. gxf4 Rxd2 24. Qf3 Rcd8 25. Rdc1 Qf5 26. Qxb7 Bc5 27. Kh1 Rxf2 28. Rf1 Rfd2 29. b4 Bb6 30. a4 h5 31. a5 Be3 32. Qe4 Qxe4 33. Bxe4 R8d4 34. Bc6 Bxf4 35. Bg2 Bb8 36. Rbc1 Kh7 37. Rxf7 Rg4 38. Bf3 Rxh2# 0-1


[Site "https://www.chess.com"]

[Event "Titled Tuesday Blitz October 04 Early 2022"]
[White "Jones, Gawain C B"]
[Black "Duda, Jan-Krzysztof"]
[WhiteFideId "409561"]
[BlackFideId "1170546"]
[WhiteElo "2657"]
[BlackElo "2779"]
[Result "0-1"]
[Round "05"]
[TimeControl "180+1"]
[Date "2022.10.04"]
[WhiteClock "0:00:02"]
[BlackClock "0:00:03"]

1. Nf3 Nf6 2. g3 d5 3. Bg2 c6 4. O-O Bg4 5. c4 e6 6. Qb3 Qb6 7. d3 Nbd7 8. Be3 Bc5 9. d4 Be7 10. Nc3 Qa6 11. cxd5 exd5 12. h3 Bf5 13. Nh4 Be6 14. Qc2 O-O 15. Nf5 Bd8 16. Bf4 g6 17. Nh6+ Kg7 18. Qd2 Re8 19. Rfe1 Nh5 20. Ng4 Nxf4 21. Qxf4 h5 22. Qh6+ Kg8 23. Ne5 Bf6 24. e4 Bg7 25. Qf4 Nxe5 26. dxe5 d4 27. Ne2 Rad8 28. Qg5 Qb5 29. Nf4 Bc8 30. Rad1 Qxe5 31. Qxe5 Rxe5 32. Nd3 Ra5 33. a3 c5 34. Rc1 b6 35. Red1 Be6 36. b4 Rxa3 37. bxc5 Bh6 38. Rb1 bxc5 39. Nxc5 d3 40. Nxe6 fxe6 41. e5 d2 42. Be4 g5 43. Rb7 Ra5 44. Bh7+ Kh8 45. Bg6 Bg7 46. Bxh5 Bxe5 47. Kg2 Ra1 48. Be2 Rxd1 49. Bxd1 Bd4 50. Re7 Rf8 51. f3 e5 52. Kf1 a5 53. Ke2 Bc3 54. Rc7 Bb4 55. Bc2 Rd8 56. Rh7+ Kg8 57. Rc7 Ra8 58. Bb3+ Kf8 59. Ba4 Rd8 60. Kd1 Rd3 61. Bc6 Re3 62. Kc2 Rc3+ 63. Kd1 Rc1+ 64. Ke2 d1=Q+ 65. Ke3 Qe1+ 0-1


[Site "https://www.chess.com"]

[Event "Titled Tuesday Blitz October 04 Early 2022"]
[White "Kamsky, Gata"]
[Black "Tsaruk, Maksim"]
[WhiteFideId "2000024"]
[BlackFideId "13511173"]
[WhiteElo "2666"]
[BlackElo "2273"]
[Result "0-1"]
[Round "05"]
[TimeControl "180+1"]
[Date "2022.10.04"]
[WhiteClock "0:00:01"]
[BlackClock "0:00:06"]

1. e4 e6 2. Qe2 c5 3. Nf3 Nc6 4. g3 g6 5. Bg2 Bg7 6. O-O Nge7 7. d3 d6 8. c3 b5 9. Rd1 b4 10. d4 bxc3 11. bxc3 cxd4 12. cxd4 O-O 13. Nc3 Qa5 14. Bd2 Ba6 15. Qe3 Qa3 16. Rac1 Rac8 17. d5 exd5 18. Nxd5 Qxe3 19. Nxe7+ Nxe7 20. Bxe3 Rxc1 21. Bxc1 Rc8 22. Be3 Be2 23. Rxd6 Nc6 24. h4 h6 25. Nd2 Rc7 26. Bf1 Bxf1 27. Kxf1 Be5 28. Rd5 Bc3 29. Rc5 Bb4 30. Rc4 Bxd2 31. Bxd2 Rd7 32. Bxh6 Ne5 33. Rc2 Rd1+ 34. Kg2 Rd4 35. Be3 Rxe4 36. Bxa7 Ra4 37. Bc5 Kg7 38. Rd2 Nc6 39. Kh3 Ne5 40. Bd4 f6 41. Bxe5 fxe5 42. f3 Kf6 43. g4 e4 44. fxe4 Rxe4 45. Kg3 Ra4 46. g5+ Kf5 47. Rf2+ Ke5 48. Re2+ Kf5 49. Rf2+ Ke5 50. Rf6 Ra3+ 51. Kg4 Ra4+ 52. Kf3 Ra3+ 0-1


[Site "https://www.chess.com"]

[Event "Titled Tuesday Blitz October 04 Early 2022"]
[White "Kim, Sergey"]
[Black "Bluebaum, Matthias"]
[WhiteFideId "13700570"]
[BlackFideId "24651516"]
[WhiteElo "2612"]
[BlackElo "2633"]
[Result "1-0"]
[Round "05"]
[TimeControl "180+1"]
[Date "2022.10.04"]
[WhiteClock "0:00:05"]
[BlackClock "0:00:04"]

1. d4 Nf6 2. c4 e6 3. Nc3 d5 4. Nf3 Bb4 5. e3 O-O 6. Bd3 dxc4 7. Bxc4 c5 8. O-O a6 9. Qe2 b5 10. Bb3 Bb7 11. Rd1 c4 12. Bc2 Bxc3 13. bxc3 Ne4 14. Bb2 Nd7 15. Nd2 Nxd2 16. Rxd2 f5 17. f3 Qg5 18. a4 Nb6 19. e4 fxe4 20. fxe4 Nxa4 21. Bxa4 bxa4 22. Ba3 Rf4 23. Qxc4 Rxe4 24. Rf2 Qe3 25. Qc7 Bd5 26. Qf7+ Kh8 27. h3 h6 28. Bf8 Qg5 29. Bd6 Rc8 30. Be5 Kh7 31. Qd7 Rg8 32. Bf6 Qe3 33. Be5 Qxc3 34. Raf1 1-0


[Site "https://www.chess.com"]

[Event "Titled Tuesday Blitz October 04 Early 2022"]
[White "Kosakowski, Jakub"]
[Black "Weetik, Vjacheslav"]
[WhiteFideId "1185080"]
[BlackFideId "4153472"]
[WhiteElo "2463"]
[BlackElo "2469"]
[Result "0-1"]
[Round "05"]
[TimeControl "180+1"]
[Date "2022.10.04"]
[WhiteClock "0:00:03"]
[BlackClock "0:00:04"]

1. d4 Nf6 2. c4 g6 3. g3 c6 4. Bg2 d5 5. Qa4 Nfd7 6. cxd5 Nb6 7. Qd1 cxd5 8. Nc3 Nc6 9. Nf3 Bg7 10. O-O O-O 11. b3 Bg4 12. e3 e5 13. Qd2 Bxf3 14. Bxf3 exd4 15. exd4 Nxd4 16. Bg2 Qf6 17. Qd3 Rfe8 18. Bb2 Ne2+ 19. Nxe2 Qxb2 20. Nf4 Rad8 21. Nxd5 Nxd5 22. Bxd5 Qd4 23. Qxd4 Bxd4 24. Bxb7 Bxa1 25. Rxa1 Re2 26. a4 Rb2 27. Ba6 Rdd2 28. Rf1 Rxb3 29. Kg2 Rbb2 30. Bb5 Kg7 31. h3 f5 32. g4 f4 33. Kf3 g5 34. h4 gxh4 35. g5 Kg6 36. Kg4 Rxf2 37. Bd3+ Kg7 38. Rc1 Rb7 39. Kxh4 Re7 40. Rc6 Rg2 41. Rf6 Re1 42. Bf5 Rh1+ 43. Bh3 Rg3 44. Rxf4 Rhxh3# 0-1


[Site "https://www.chess.com"]

[Event "Titled Tuesday Blitz October 04 Early 2022"]
[White "Le, Tuan Minh"]
[Black "Ohanyan, Emin"]
[WhiteFideId "12401153"]
[BlackFideId "13312022"]
[WhiteElo "2530"]
[BlackElo "2302"]
[Result "1-0"]
[Round "05"]
[TimeControl "180+1"]
[Date "2022.10.04"]
[WhiteClock "0:00:20"]
[BlackClock "0:00:01"]

1. d4 d5 2. Nf3 Nf6 3. Bf4 c5 4. c3 e6 5. e3 Bd6 6. Nbd2 Bxf4 7. exf4 Nbd7 8. Bd3 b6 9. O-O a5 10. Qe2 Qc7 11. Ne5 O-O 12. Rfe1 Bb7 13. Rad1 a4 14. a3 g6 15. h4 Kg7 16. Qe3 Ba6 17. Bb1 h5 18. Ndf3 Ng4 19. Nxg4 hxg4 20. Ng5 Rae8 21. Qg3 Nf6 22. Re5 cxd4 23. Rxd4 Bc4 24. f3 Nd7 25. Re1 e5 26. fxe5 Nxe5 27. Rf4 Nxf3+ 28. Nxf3 gxf3 29. Rd1 fxg2 30. h5 Qe5 31. Bxg6 Qe3+ 32. Qxe3 Rxe3 33. Bf5 Re2 34. Bh3 Rxb2 35. Bxg2 Rc2 36. Rf3 Re8 37. Rd4 Re1+ 38. Kh2 Ree2 39. Rg4+ Kh8 40. Rxf7 1-0


[Site "https://www.chess.com"]

[Event "Titled Tuesday Blitz October 04 Early 2022"]
[White "Makhnev, Denis"]
[Black "Baskakov, Egor"]
[WhiteFideId "13707647"]
[BlackFideId "24197866"]
[WhiteElo "2486"]
[BlackElo "2211"]
[Result "1/2-1/2"]
[Round "05"]
[TimeControl "180+1"]
[Date "2022.10.04"]
[WhiteClock "0:00:04"]
[BlackClock "0:00:09"]

1. d4 Nf6 2. c4 e6 3. Nf3 d5 4. g3 Be7 5. Bg2 O-O 6. O-O Ne4 7. Nbd2 f5 8. Ne5 c6 9. Qc2 Bd7 10. Ndf3 Be8 11. Nd3 Nd7 12. b3 g5 13. Bb2 Rc8 14. Nfe5 Nxe5 15. Nxe5 Nf6 16. Rac1 Nd7 17. Nd3 Bg6 18. Qd2 Bd6 19. e3 h5 20. Nc5 Nxc5 21. dxc5 Be7 22. b4 dxc4 23. Qc2 Qe8 24. Qxc4 Qf7 25. Rcd1 Rcd8 26. b5 f4 27. exf4 gxf4 28. bxc6 bxc6 29. Bxc6 Rc8 30. Bd7 Rxc5 31. Qxe6 Rc2 32. Qa6 Bf5 33. Bxf5 Qxf5 34. Bd4 h4 35. Qh6 Bf6 36. Bxf6 Qxf6 37. Qxf6 Rxf6 38. Rd8+ Kg7 39. Rd7+ Rf7 40. Rd4 hxg3 41. hxg3 fxg3 42. Rg4+ Kf8 43. Rxg3 Rxa2 44. Kg2 Ra6 45. Rc1 Raf6 46. Rc8+ Ke7 47. f3 Rd6 48. Rc2 a5 49. Rg4 Rdf6 50. Re4+ Kf8 51. Rc8+ Kg7 52. Re3 Ra6 53. Rc4 a4 54. Ra3 Rfa7 55. f4 Kf6 56. Kf3 Ke6 57. Rc5 Kd6 58. Rh5 Ke7 59. Kg4 Rg6+ 60. Kf3 Rga6 61. Ke4 Re6+ 62. Kf3 Rea6 1/2-1/2


[Site "https://www.chess.com"]

[Event "Titled Tuesday Blitz October 04 Early 2022"]
[White "Milikow, Yoav"]
[Black "Svane, Rasmus"]
[WhiteFideId "2822237"]
[BlackFideId "4657101"]
[WhiteElo "2341"]
[BlackElo "2674"]
[Result "1-0"]
[Round "05"]
[TimeControl "180+1"]
[Date "2022.10.04"]
[WhiteClock "0:00:09"]
[BlackClock "0:00:01"]

1. d4 Nf6 2. c4 e6 3. Nc3 Bb4 4. Qc2 d5 5. a3 Bxc3+ 6. Qxc3 dxc4 7. Qxc4 b6 8. Nf3 Ba6 9. Qa4+ Qd7 10. Qc2 O-O 11. Bg5 c5 12. dxc5 Rc8 13. Bxf6 gxf6 14. Rd1 Qe7 15. Qe4 Qxc5 16. e3 Qa5+ 17. Nd2 Nd7 18. b4 Qa4 19. Qg4+ Kf8 20. Bxa6 Qxa6 21. Qe2 Qxa3 22. O-O Qxb4 23. Qd3 Ne5 24. Qxh7 Ke7 25. f4 Ng4 26. Qh3 Rg8 27. Qf3 Qc5 28. Qb7+ Kf8 29. Qxa8+ Kg7 30. Qf3 Qxe3+ 31. Kh1 f5 32. Nc4 Qc5 33. Ne5 Nxe5 34. fxe5 Qxe5 35. Rfe1 Qf6 36. Qg3+ Kf8 37. Qa3+ Kg7 38. Qxa7 b5 39. Qc5 Rh8 40. g3 Qh6 41. Qe5+ Kg6 42. Qe2 1-0


[Site "https://www.chess.com"]